 Dungeon Crawl Stone Soup version 0.28-a0-384-g9e0c098162 (webtiles) character file.

Game seed: 7556689279105575545

37 flotson the Sneak (level 3, -2/45 HPs)
             Began as a Merfolk Delver on Sept 2, 2021.
             Succumbed to a scorpion's poison
             ... on level 4 of the Dungeon.
             The game lasted 00:01:58 (640 turns).

flotson the Sneak (Merfolk Delver)                   Turns: 640, Time: 00:01:59

Health: -2/45      AC: 21    Str: 13    XL:     3   Next: 39%
Magic:  3/3        EV:  2    Int:  9    God:
Gold:   22         SH:  0    Dex: 15    Spells: 2/2 levels left

rFire   . . .      SeeInvis .   b - +2 dagger (freeze)
rCold   . . .      Faith    .   (no shield)
rNeg    + + +      Spirit   .   (armour currently unavailable)
rPois   +          Reflect  .   (helmet currently unavailable)
rElec   .          Harm     .   (cloak currently unavailable)
rCorr   .          Rampage  .   (gloves currently unavailable)
Will    .....      NoTele   +   (boots currently unavailable)
Stlth   +++.......              (no amulet)
HPRegen 0.15/turn               (no ring)
MPRegen 0.08/turn               (no ring)

@: lethally poisoned (-2 -> -16), tree-form
A: stationary, stasis, torment immunity, boosted hp, (nimble swimmer 2),
(mertail)
a: no special abilities


You were on level 4 of the Dungeon.
You were a tree.
You visited 1 branch of the dungeon, and saw 2 of its levels.

You collected 22 gold pieces.

Inventory:

Hand Weapons
 a - a +0 spear
 b - a +2 dagger of freezing (weapon)
Armour
 d - a +0 leather armour (melded)
Wands
 g - a wand of digging (3)
Scrolls
 f - a scroll of enchant weapon {unknown}
 h - a scroll of vulnerability {unknown}
Potions
 e - a potion of cancellation


   Skills:
 + Level 3.7 Fighting
 + Level 3.7 Polearms
 + Level 0.8 Armour
 + Level 3.4 Dodging
 - Level 5.4 Stealth


You had 2 spell levels left.
You didn't know any spells.
Your spell library contained the following spells:

 Spells                   Type           Power      Damage    Failure   Level
 Blink                    Tloc           N/A        N/A       52%         2
 Lesser Beckoning         Tloc           0%         N/A       77%         3
 Passage of Golubria      Tloc           N/A        N/A       99%         4


Dungeon Overview and Level Annotations

Branches:
Dungeon (5/15)
 Temple: D:4-7

Altars:
Ru
The Shining One

Portals:
Sewer: D:5


Innate Abilities, Weirdness & Mutations

You are a tree.
Your roots penetrate the ground, keeping you stationary.
You cannot be teleported.
You are immune to unholy pain and torment.
Your maximum health is greatly increased.
Your equipment is partially melded.
((You are quick and stealthy near water. (Stealth+, EV+, Speed+++)))
((Your lower body shifts to a powerful aquatic tail in water.))


Message History

You feel sick. The scorpion closely misses you.
It was a potion of lignification.
You turn into a tree.
Your +0 leather armour melds into your body.
Your roots penetrate the ground.
You feel sick.
You are no longer poisoned.
The scorpion stings you but does no damage.
You barely miss the scorpion.
The scorpion is moderately wounded.
The scorpion stings you.
* * * LOW HITPOINT WARNING * * *
You hit the scorpion but do no damage.
The scorpion is moderately wounded.
The scorpion stings you but does no damage.
You hit the scorpion. You freeze the scorpion.
The scorpion is heavily wounded.
The scorpion stings you but does no damage. x2
You hit the scorpion. You freeze the scorpion.
The scorpion is heavily wounded.
The scorpion stings you but does no damage.
You hit the scorpion but do no damage.
The scorpion is heavily wounded.
The scorpion stings you but does no damage.
You closely miss the scorpion.
The scorpion is heavily wounded.
The scorpion stings you but does no damage.
You hit the scorpion. You freeze the scorpion.
The scorpion is almost dead.
The scorpion stings you but does no damage.
You hit the scorpion but do no damage.
The scorpion is almost dead.
The scorpion stings you but does no damage. x2
You hit the scorpion but do no damage.
The scorpion is almost dead.
The scorpion stings you.
* * * LOW HITPOINT WARNING * * *
You are lethally poisoned!
The scorpion poisons you!
You closely miss the scorpion.
The scorpion is almost dead.
You die...

. ###.# #.##...##.#
#####...# #.#.....#.#.
......### #...#.#.....
.###### #..##.##.... .#
##.....$..# ##
##§§§§.#.## ##
#§§§....# .## #s§§....#
..# #♣§§§...# #.##
#§.§....# #..######
#..†....#
##......######
#.......#
######......###.......#
######....####.###
####.# ... #.# ##.# #..
.


You could see a scorpion.

Vanquished Creatures
  A killer bee zombie (D:5)
  An adder (D:4)
  A dart slug (D:4)
  2 orcs
  A ball python (D:4)
6 creatures vanquished.

Notes
Turn   | Place    | Note
-------+----------+-------------------------------------------
     0 | D:5      | flotson the Merfolk Delver began the quest for the Orb.
     0 | D:5      | Reached XP level 1. HP: 18/18 MP: 1/1
    23 | D:5      | Reached XP level 2. HP: 12/24 MP: 2/2
   219 | D:5      | Got the Catalogue of the Traveller
   226 | D:5      | Found a glowing drain.
   242 | D:5      | Found a glowing golden altar of the Shining One.
   267 | D:4      | Found a sacrificial altar of Ru.
   272 | D:4      | Reached XP level 3. HP: 11/29 MP: 3/3
   615 | D:4      | Noticed a scorpion
   631 | D:4      | HP: 2/45 [scorpion (1)]
   639 | D:4      | HP: 2/45 [scorpion (1)]
   640 | D:4      | Succumbed to a scorpion's poison

Illustrated notes

Levels and vault maps discovered:
D:4:      layout_rooms, mainiacjoe_overflow_small_starburst, uniq_menkaure
D:5:      layout_loops_ring, amcnicky_altar_gilded, mainiacjoe_overflow_paths,
          vehumet_statue, nicolae_wu_jian_glorious_leap, kennysheep_mini_moat,
          chequers_ossuary_entry_cave, gup_sewer_entry_glass

Skill      XL: |  1 |
---------------+----+-----
Dodging        | 3 |  3.4
Fighting       | |  3.7
Polearms       | |  3.7
Armour         | |  0.8
Stealth        | |  5.4

Action                   || total
-------------------------++-------
Melee: Spear             ||    18
       Dagger            ||    28
  Use: Potion            ||     3
       Scroll            ||     3
 Stab: Sleeping          ||     1
Armor: Leather armour    ||     5
       Skin              ||    10
Dodge: Dodged            ||    31

Table legend: (Time is in decaauts)
 A = Elapsed time spent in this place.
 B = Non-inter-level travel time spent in this place.
 C = Inter-level travel time spent in this place.
 D = Time resting spent in this place.
 E = Time spent auto-exploring this place.
 F = Levels seen in this place.
 G = Mean time per level.
                   A        B        C        D        E       F      G
               +--------+--------+--------+--------+--------+-----+--------+
         Total |    618 |    618 |      0 |    213 |    265 |   2 |  309.0 |
       Dungeon |    618 |    618 |      0 |    213 |    265 |   2 |  309.0 |
               +--------+--------+--------+--------+--------+-----+--------+

Top non-repeatable levels by time:
     D:4: 371 daAuts
     D:5: 246 daAuts
